 Dungeon Crawl Stone Soup version 0.21.1-1-g345015f (webtiles) character file.

91 shakethe the Insei (level 4, -3/28 HPs)
             Began as an Octopode Transmuter on Feb 7, 2018.
             Killed from afar by Natasha (7 damage)
             ... with a magic dart
             ... on level 2 of the Dungeon.
             The game lasted 00:05:46 (1808 turns).

shakethe the Insei (Octopode Transmuter)            Turns: 1808, Time: 00:05:47

Health: -3/28      AC:  1    Str:  9    XL:     4   Next: 57%
Magic:  7/7        EV: 13    Int: 15    God:
Gold:   75         SH:  6    Dex: 13    Spells: 7/8 levels left

rFire    . . .     SeeInvis .     - Unarmed
rCold    . . .     Gourm    .   f - +2 buckler
rNeg     . . .     Faith    .   (helmet restricted)
rPois    .         Spirit   .   (no amulet)
rElec    .         Reflect  .   h - ring of flight
rCorr    .         Harm     .   (no ring)
MR       .....                  (no ring)
Stlth    ++........             (no ring)
HPRegen  0.09/turn              (no ring)
MPRegen  0.10/turn              (no ring)
                                (no ring)
                                (no ring)

@: no status effects
A: almost no armour, stealthy swim, amphibious, 8 rings, constrict 8, camouflage
1, gelatinous body 1
a: Evoke Flight


You were on level 2 of the Dungeon.
You were not hungry.

You visited 1 branch of the dungeon, and saw 3 of its levels.

You collected 75 gold pieces.

Inventory:

Missiles
 a - 29 arrows
Armour
 f - a +2 buckler (worn)
Jewellery
 h - a ring of flight (left tentacle)
Scrolls
 d - 2 scrolls of remove curse {unknown}
 e - a scroll of amnesia {unknown}
 i - 4 scrolls of identify {unknown}
 j - 2 scrolls of teleportation {unknown}
 l - a scroll of fear {unknown}
 m - a scroll of magic mapping {unknown}
Potions
 g - a potion of heal wounds {unknown}
 k - a potion of curing
Books
 b - a book of Changes

   Spells                             Type                      Level
   a - Beastly Appendage              Transmutation                1
   b - Sticks to Snakes               Transmutation                2
   c - Spider Form                    Transmutation/Poison         3
   d - Ice Form                       Ice/Transmutation            4
   e - Blade Hands                    Transmutation                5
Comestibles
 c - 3 rations
 n - 2 chunks of flesh


   Skills:
 - Level 1.0 Fighting
 - Level 2.0 Dodging
 + Level 1.2 Shields
 * Level 4.1 Unarmed Combat
 + Level 2.6 Spellcasting
 + Level 2.7 Transmutations


You had 7 spell levels left.
You knew the following spells:

 Your Spells              Type           Power        Failure   Level  Hunger
a - Beastly Appendage     Tmut           ##....       10%         1    #......


Dungeon Overview and Level Annotations

Branches:
Dungeon (3/15)

Altars:

Annotations:
D:2 Natasha


Innate Abilities, Weirdness & Mutations

You cannot wear most types of armour.
You are very stealthy in the water. (Stealth+)
You are amphibious.
You can wear up to eight rings at the same time.
You can use your tentacles to constrict eight enemies at once.
Your skin changes colour to match your surroundings (Stealth+).
Your rubbery body absorbs attacks. (AC +1, EV +1)


Message History

Found a robe and a flail.
Found a stone staircase leading down.
There is a stone staircase leading up here.
You climb upwards.
Level annotation: Natasha The crimson imp misses you.
You block the crimson imp's attack.
The crimson imp blinks!
There is a stone staircase leading down here.
The crimson imp blinks!
The crimson imp blinks!
Your tentacle spike disappears.
The crimson imp disappears in a puff of smoke!
The crimson imp disappears in a puff of smoke!
Natasha stares at you and mumbles some strange words.
The magic dart hits you! Natasha casts a spell at you. The magic dart hits you!
* * * LOW HITPOINT WARNING * * *
Natasha casts a spell at you. The magic dart hits you!
You die...

#.# ##.# #
#.# #..# ####
#.# #.##
###... #.#
#.#### #...##
#.#
#....###.###
#.#
####.....####
#.#
#.........
#.##
##.########
#@.# #..#
##.# ##h##
#.# #..# #.#
#.##
##h####.##
#.....h..#
#........#
#........#
#........#


You could see Natasha.

Vanquished Creatures
  Jessica (D:2)
  Natasha (D:2)
  2 dart slugs (D:1)
  2 leopard geckos
  3 giant cockroaches
  3 goblins
  5 hobgoblins (D:1)
  5 bats (D:1)
  3 frilled lizards (D:1)
  5 kobolds
  4 rats
34 creatures vanquished.

Notes
Turn   | Place    | Note
-------+----------+-------------------------------------------
     0 | D:1      | shakethe the Octopode Transmuter began the quest for the Orb.
     0 | D:1      | Reached XP level 1. HP: 13/13 MP: 3/3
   428 | D:1      | Reached XP level 2. HP: 13/18 MP: 1/5
   977 | D:1      | Reached XP level 3. HP: 23/23 MP: 4/6
  1381 | D:2      | Noticed Jessica
  1415 | D:2      | Killed Jessica
  1415 | D:2      | Reached skill level 1 in Shields
  1415 | D:2      | Reached XP level 4. HP: 28/28 MP: 7/7
  1425 | D:2      | Noticed Natasha
  1440 | D:2      | HP: 1/28 [Natasha (6)]
  1441 | D:2      | Killed Natasha
  1441 | D:2      | Reached skill level 4 in Unarmed Combat
  1451 | D:2      | HP: 1/28 [giant cockroach (1)]
  1764 | D:2      | Noticed Natasha
  1808 | D:2      | Killed from afar by Natasha

Skill      XL: |  1  2  3  4 |
---------------+-------------+-----
Shields        | 1 |  1.2
Unarmed Combat | 4 |  4.1
Fighting       | |  1.0
Dodging        | |  2.0
Spellcasting   | |  2.6
Transmutations | |  2.7

Action                   |  1- 3 |  4- 6 || total
-------------------------+-------+-------++-------
Melee: Unarmed           |    64 |    20 ||    84
       Tentacles         |     9 |     1 ||    10
       Kick              |    11 |     2 ||    13
       Constrict         |    17 |     4 ||    21
       Punch             |     1 |     1 ||     2
 Cast: Beastly Appendage |    16 |     4 ||    20
  Use: Potion            |       |     1 ||     1
 Stab: Sleeping          |     2 |       ||     2
  Eat: Chunk             |     1 |     2 ||     3
Armor: Skin              |     8 |     2 ||    10
Dodge: Dodged            |    46 |     9 ||    55
Block: Buckler           |    10 |     6 ||    16
